 Dungeon Crawl Stone Soup version 0.29.0-11-gd7f09526c8 (webtiles) character file.

Game seed: 14551127284437873344

534 greasedhog the Firebug (level 7, 0/50 HPs)
             Began as a Formicid Fire Elementalist on Sept 6, 2022.
             Was an Initiate of Vehumet.
             Slain by a scorpion (6 damage)
             ... on level 4 of the Dungeon.
             The game lasted 00:06:29 (5197 turns).

greasedhog the Firebug (Formicid Fire Elementalist) Turns: 5197, Time: 00:06:30

Health: 0/50       AC:  2    Str: 12    XL:     7   Next: 49%
Magic:  7/14       EV: 12    Int: 17    God:    Vehumet [......]
Gold:   138        SH:  0    Dex: 14    Spells: 6/16 levels left

rFire   . . .      SeeInvis +   e - +2 hand axe (vorpal)
rCold   . . .      Faith    .   (no shield)
rNeg    . . .      Spirit   .   a - +0 robe
rPois   .          Reflect  .   (helmet unavailable)
rElec   .          Harm     .   (no cloak)
rCorr   .          Rampage  .   (no gloves)
Will    .....                   (no boots)
Stlth   ++........              (no amulet)
HPRegen 0.16/turn               (no ring)
MPRegen 0.14/turn               (no ring)

@: no status effects
A: permanent stasis, dig shafts and tunnels, antennae 3, four strong arms
a: Dig, Shaft Self, Renounce Religion


You were on level 4 of the Dungeon.
You worshipped Vehumet.
Vehumet was noncommittal.
You visited 2 branches of the dungeon, and saw 6 of its levels.

You collected 138 gold pieces.

Inventory:

Hand Weapons
 e - a +2 vorpal hand axe (weapon)
Armour
 a - a +0 robe (worn)
Scrolls
 l - a scroll of magic mapping {unknown}
 m - a scroll of enchant armour {unknown}
 n - a scroll of enchant weapon {unknown}
Potions
 b - 2 potions of magic
 d - a potion of attraction {unknown}
 f - 2 potions of might {unknown}
 g - a potion of lignification {unknown}
 h - a potion of heal wounds {unknown}
 i - a potion of mutation {unknown}
 j - 2 potions of berserk rage {unknown}


   Skills:
 * Level 2.2 Fighting
 - Level 1.7 Dodging
 - Level 2.4 Stealth
 - Level 5.1 Spellcasting
 - Level 0.8 Conjurations
 * Level 6.0 Fire Magic


You had 6 spell levels left.
You knew the following spells:

 Your Spells              Type           Power      Damage    Failure   Level
a - Foxfire               Conj/Fire      64%        2x1d7     3%          1
b - Scorch                Fire           50%        2d8       1%          2
c - Conjure Flame         Conj/Fire      16%        6-21      10%         3
d - Flame Wave            Conj/Fire      16%        2d7       32%         4

Your spell library contained the following spells:

 Spells                   Type           Power      Damage    Failure   Level
 Inner Flame              Hex/Fire       14%        N/A       12%         3
 Sandblast                Erth           8%         2d5       14%         1
 Passwall                 Tmut/Erth      3%         N/A       22%         2
 Stone Arrow              Conj/Erth      10%        3d7       34%         3
 Gell's Gravitas          Tloc           4%         N/A       38%         3
 Teleport Other           Tloc           4%         N/A       38%         3
 Dispersal                Tloc           2%         N/A       100%        6


Dungeon Overview and Level Annotations

Branches:
Dungeon (5/15)             Temple (1/1) D:4

Altars:
Ashenzari
Cheibriados
Dithmenos
Elyvilon
Gozag
Kikubaaqudgha
Makhleb
Nemelex Xobeh
Okawaru
Qazlal
Ru
Sif Muna
Trog
Vehumet
Xom
Yredelemnul
Zin
The Shining One

Shops:
D:1 :

Portals:
Abyss: D:4

Annotations:
D:4 2 transporters, anonymouscript's ghost, weakling MeFi


Innate Abilities, Weirdness & Mutations

You cannot be hasted, slowed, berserked, paralysed or teleported.
You can dig through walls and to a lower floor.
You have a pair of large antennae on your head. (SInv)
Your four strong arms can wield two-handed weapons with a shield.


Message History

The scorpion stings you!
You are poisoned.
The scorpion poisons you!
You feel very sick.
The hound is no longer more vulnerable to fire.
You feel better. The scorpion stings you. x2
You are poisoned.
The scorpion poisons you!
You feel very sick.
You feel sick.
The hound stops to sniff the ground.
The scorpion attacks as you move away! The scorpion stings you!
* * * LOW HITPOINT WARNING * * *
You feel sick.
You feel sick.
You feel sick. The scorpion completely misses you.
There is an escape hatch in the ceiling here.
You feel sick. The scorpion completely misses you.
A mysterious force pulls you upwards. The hatch slams shut behind you.
Level annotation: 2 transporters, anonymouscript's ghost, weakling MeFi You feel sick.
As you read the scroll labelled WIM EMIVUA, it crumbles to dust.
Your stasis prevents you from teleporting.
It was a scroll of blinking.
You feel sick.
You are no longer poisoned.
The scorpion closely misses you.
Okay, then.
Casting: Scorch (safe; 1% risk of failure)
Confirm with . or Enter, or press ? or * to list all spells.
Flames lash the scorpion.
The scorpion is lightly wounded.
The scorpion's fire resistance burns away.
The scorpion stings you.
* * * LOW HITPOINT WARNING * * *
Casting: Scorch (safe; 1% risk of failure)
Confirm with . or Enter, or press ? or * to list all spells.
Flames lash the scorpion.
The scorpion is burned terribly!
The scorpion is severely wounded.
The scorpion stings you.
You die...

#...##.# ####.##........#
###.##.# #..........##.###
#.##.# #.##.##.##.#.....
#.##.# #.##.##.##.#..###
#.##.# #.##.##.....^....
###.##.# #.##.....#.#..###
#...##.###.#....<......##
#.##....[.s....#..#.....#
#.##.#...@.....#..#.#.#.##
#.##.#####.#..........#...
#.##.# #..........###.##
##.##.# ########.#.....#
#...#.# #.#######
###.#.#.# #.# #...#...#
#.# #.#####.# #.#
#...#...# #.# #


You could see a scorpion (combustible).

Vanquished Creatures
  A phantom (D:4)
  A necrophage (D:4)
  A howler monkey (D:5)
  A jelly (D:4)
  2 orc priests
  An iguana (D:4)
  4 orc wizards
  A mummy (D:3)
  4 adders
  An ufetubus (D:5)
  2 worms (D:2)
  A dart slug (D:3)
  7 orcs
  7 bats
  11 endoplasms
  3 giant cockroaches
  6 goblins
  7 hobgoblins
  3 jackals (D:2)
  7 kobolds
  3 quokkas
  6 ball pythons
  6 frilled lizards
  5 rats
91 creatures vanquished.

Vanquished Creatures (others)
  77 foxfires
77 creatures vanquished.

Grand Total: 168 creatures vanquished

Notes
Turn   | Place    | Note
-------+----------+-------------------------------------------
     0 | D:1      | greasedhog the Formicid Fire Elementalist began the quest
                  | for the Orb.
     0 | D:1      | Reached XP level 1. HP: 13/13 MP: 3/3
   311 | D:1      | Reached XP level 2. HP: 12/19 MP: 0/5
   567 | D:1      | Found Rips's Book Shoppe.
   802 | D:1      | Reached XP level 3. HP: 24/24 MP: 7/7
   851 | D:1      | Learned a level 2 spell: Scorch
   956 | D:1      | Found a faded altar of an unknown god.
  1265 | D:2      | Found an iron altar of Okawaru.
  1478 | D:2      | Reached XP level 4. HP: 30/30 MP: 8/8
  1682 | D:2      | Reached skill level 4 in Fire Magic
  1958 | D:3      | Found a snail-covered altar of Cheibriados.
  2110 | D:3      | Reached XP level 5. HP: 35/35 MP: 10/10
  3349 | D:4      | Reached XP level 6. HP: 34/41 MP: 12/12
  3717 | D:4      | Learned a level 3 spell: Conjure Flame
  3722 | D:4      | Learned a level 4 spell: Flame Wave
  3735 | D:4      | Found a transporter.
  3751 | D:4      | Reached skill level 5 in Fire Magic
  3828 | D:4      | Found a transporter.
  3857 | D:4      | Found a staircase to the Ecumenical Temple.
  3869 | Temple   | Entered the Ecumenical Temple
  3888 | Temple   | Became a worshipper of Vehumet
  4082 | D:4      | HP: 1/37 [necrophage (7)]
  4089 | D:4      | Reached skill level 5 in Spellcasting
  4089 | D:4      | Reached XP level 7. HP: 9/44 MP: 7/14
  4518 | D:4      | Reached skill level 1 in Fighting
  4769 | D:4      | Noticed a toenail golem
  4770 | D:4      | Noticed anonymouscript's ghost (weakling MeFi)
  4771 | D:4      | Found a one-way gate to the infinite horrors of the Abyss.
  5044 | D:5      | Entered Level 5 of the Dungeon
  5184 | D:5      | Reached skill level 6 in Fire Magic
  5197 | D:4      | Slain by a scorpion

Illustrated notes

Levels and vault maps discovered:
D:1:      dpeg_arrival_rooms_c, layout_loops_ring,
          shapermc_ecumenical_altar_mp_vishouse, serial_shops, shop
D:2:      layout_rooms, basic_altar
D:3:      layout_basic, slow_altar_1, solitary_fountain,
          minmay_tree_intersection
D:4:      layout_loops_ring, minmay_temple_entry_statues_fountains,
          gammafunk_ghost_abyssal_escape, grunt_decor_one_mirror
D:5:      layout_loops_corners, ebering_ghost_disaster_area, uniq_grinder,
          uniq_menkaure, uniq_duvessa
Temple:   sentei_temple_godly_chess

Skill      XL: |  1  2  3  4  5  6  7 |
---------------+----------------------+-----
Spellcasting   | 3 4 5 |  5.1
Fire Magic     | 4 5 6 |  6.0
Fighting       | 2 |  2.2
Dodging        | |  1.7
Stealth        | |  2.4
Conjurations   | |  0.8

Action                   |  1- 3 |  4- 6 |  7- 9 || total
-------------------------+-------+-------+-------++-------
Melee: Dagger            |    11 |       |       ||    11
       Unarmed           |     2 |       |       ||     2
       Hand axe          |    32 |    88 |    31 ||   151
       Punch             |     1 |     3 |       ||     4
 Cast: Foxfire           |    27 |    22 |     2 ||    51
       Scorch            |     1 |     9 |    12 ||    22
       Conjure Flame     |       |     1 |       ||     1
  Use: Scroll            |     2 |     1 |     1 ||     4
       Potion            |       |     3 |     1 ||     4
 Stab: Sleeping          |     6 |     4 |     2 ||    12
Armor: Robe              |    10 |    15 |     4 ||    29
Dodge: Dodged            |    30 |    54 |    28 ||   112
